 Dungeon Crawl Stone Soup version 0.29.1-12-g30fa7ad0bf (webtiles) character file.

Game seed: 1792685232087360104

645809 sanboga the Axe Maniac (level 27, -3/273 HPs)
             Began as a Minotaur Berserker on Jan 1, 2023.
             Was the Champion of the Shining One.
             Slain by a juggernaut (26 damage)
             ... on level 4 of Gehenna on Jan 2, 2023.
             The game lasted 01:38:49 (81302 turns).

sanboga the Axe Maniac (Minotaur Berserker)        Turns: 81302, Time: 01:38:50

Health: -3/273     AC: 43    Str: 37    XL:     27
Magic:  24/26      EV: 21    Int:  7    God:    the Shining One [******]
Gold:   8993       SH: 13    Dex: 16    Spells: 26/26 levels left

rFire   + + +      SeeInvis .   a - +9 executioner's axe (holy)
rCold   + + .      Faith    .   (shield currently unavailable)
rNeg    + + +      Spirit   .   O - +12 gold dragon scales
rPois   +          Reflect  +   M - +2 hat {Will+}
rElec   +          Harm     .   j - scarf {rC+ rF+}
rCorr   +          Rampage  .   u - +2 pair of gloves
Will    ++++.                   n - +2 pair of boots {Stlth+}
Stlth   ..........              r - amulet of reflection
HPRegen 1.35/turn               w - ring "Xelu" {rElec rPois rCorr Int+3 Dex+6}
MPRegen 0.20/turn               d - ring "Vierph" {Fly rF+ Str+3}

@: divinely shielded, flying, glowing, studying Short Blades, unable to read,
unable to drink
A: horns 2, retaliatory headbutt, talons 1, clumsy 1, deformed body,
strong-willed 1, regeneration 1, inability to drink after injury 2
}: 3/15 runes: decaying, silver, gossamer
a: Renounce Religion, Divine Shield, Cleansing Flame, Summon Divine Warrior


You were on level 4 of Gehenna.
You worshipped the Shining One.
The Shining One was exalted by your worship.
You visited 14 branches of the dungeon, and saw 57 of its levels.
You visited 1 bazaar.
You also visited: Trove, Ossuary, Ice Cave and Volcano.

You collected 14436 gold pieces.
You spent 5443 gold pieces at shops.

Inventory:

Hand Weapons
 a - a +9 executioner's axe of holy wrath (weapon)
 b - a +9 executioner's axe of flaming
Armour
 j - a scarf of resistance (worn)
 n - a +2 pair of boots of stealth (worn)
 u - a +2 pair of gloves (worn)
 M - a +2 hat of willpower (worn)
 O - +12 gold dragon scales (worn)
Jewellery
 d - the ring "Vierph" (right hand) {Fly rF+ Str+3}
   (You took it off a deep elf master archer on level 3 of the Elven Halls)

   [ring of flight]

   Str:       It affects your strength (+3).
   rF:        It protects you from fire.
   Fly:       It grants you flight.
 r - an amulet of reflection (around neck)
 w - the ring "Xelu" (left hand) {rElec rPois rCorr Int+3 Dex+6}
   (You found it on level 4 of the Lair of Beasts)

   [ring of dexterity]

   Int:       It affects your intelligence (+3).
   Dex:       It affects your dexterity (+6).
   rElec:     It insulates you from electricity.
   rPois:     It protects you from poison.
   rCorr:     It protects you from acid and corrosion.
 x - the ring of the Cockatrice {rC+ rN+ SInv}
   (You found it on level 3 of the Crypt)

   [ring of positive energy]

   rC:        It protects you from cold.
   rN:        It protects you from negative energy.
   SInv:      It lets you see invisible.
Wands
 c - a wand of paralysis (70)
 o - a wand of polymorph (26)
 q - a wand of flame (64)
 z - a wand of mindburst (13)
 C - a wand of digging (10)
 G - a wand of acid (31)
 L - a wand of iceblast (28)
Scrolls
 e - a scroll of enchant armour
 g - 7 scrolls of magic mapping
 i - 4 scrolls of enchant weapon
 p - 26 scrolls of teleportation
 y - 5 scrolls of silence
 F - 8 scrolls of blinking
 H - a scroll of summoning
 J - 15 scrolls of fear
Potions
 h - a potion of brilliance
 l - 21 potions of heal wounds
 m - 10 potions of might
 t - 3 potions of cancellation
 v - 18 potions of haste
 A - 5 potions of ambrosia
 D - 7 potions of mutation
 E - 3 potions of resistance
 N - 31 potions of curing


   Skills:
 O Level 27 Fighting
 O Level 27 Axes
 O Level 27 Armour
 O Level 27 Dodging
 - Level 12.3 Stealth
 - Level 24.8 Unarmed Combat
 * Level 6.3 Invocations


You had 26 spell levels left.
You didn't know any spells.
Your spell library contained the following spells:

 Spells                   Type           Power      Damage    Failure   Level
 Blink                    Tloc           0%         N/A       95%         2
 Lesser Beckoning         Tloc           0%         N/A       99%         3
 Manifold Assault         Tloc           0%         N/A       100%        5


Dungeon Overview and Level Annotations

Branches:
Dungeon (15/15)            Temple (1/1) D:7            Lair (5/5) D:10
  Swamp (4/4) Lair:2       Spider (4/4) Lair:2        Slime (1/5) Lair:5
    Orc (2/2) D:12            Elf (3/3) Orc:2        Vaults (5/5) D:13
  Crypt (3/3) Vaults:3       Tomb (0/3) Crypt:3      Depths (4/4) D:15
   Hell (visited)             Dis (0/7) Hell            Geh (4/7) Hell
    Coc (0/7) Hell            Tar (0/7) Hell            Zot (5/5) Depths:4
Ossuary (visited)           IceCv (visited)         Volcano (visited)

Altars:
Ashenzari
Cheibriados
Dithmenos
Elyvilon
Fedhas
Gozag
Hepliaklqana
Kikubaaqudgha
Makhleb
Nemelex Xobeh
Okawaru
Qazlal
Ru
Sif Muna
Trog
Uskayaw
Vehumet
Wu Jian
Xom
Yredelemnul
Zin
The Shining One
Jiyva

Shops:
D:5 !   D:7 **   D:8 ?   Orc:1 [   Orc:2 [:*(   Elf:1 :   Elf:3 !   Vaults:1 [!
Vaults:2 *   Vaults:4 =   Depths:2 **(   Depths:3 [

Portals:
Hell: Depths:1 Depths:2 Depths:3 Depths:4
Abyss: Depths:3 Depths:4
Pandemonium: Depths:2
Ziggurat: Depths:2

Annotations:
Zot:5 1 transporter


Innate Abilities, Weirdness & Mutations

You have a pair of horns on your head.
You reflexively headbutt those who attack you in melee.
You have sharp toenails.
You are clumsy. (Dex -2)
Armour fits poorly on your strangely shaped body.
You are strong-willed. (Will+)
Your natural rate of healing is unusually fast.
You sometimes lose the ability to drink potions when taking damage.


Message History

You slice the titan!! The titan hits you but does no damage.
A divine shield forms around you! The titan hits you but does no damage.
The juggernaut hits you!!!
* * * LOW HITPOINT WARNING * * *
The juggernaut hits you!
* * * LOW HITPOINT WARNING * * *
You hear a shout!
You cannot see clearly; the smoke and ash is too thick!
You hit the juggernaut but do no damage.
The juggernaut is lightly wounded.
You slash the titan!
You cannot drink potions in your current state!
You slice the juggernaut!!
The juggernaut is moderately wounded.
You carve the titan like a ham!!! The titan hits you!
* * * LOW HITPOINT WARNING * * *
You slice the juggernaut!! You headbutt the juggernaut!
The juggernaut is heavily wounded.
You slash the titan! You block the titan's attack.
You slice the juggernaut!! You headbutt the juggernaut!
The juggernaut is heavily wounded.
You slice the titan!! The titan hits you but does no damage.
A titan comes into view.
You hit the juggernaut but do no damage.
The juggernaut is heavily wounded.
You slice the titan like a ripe choko!!!
You kill the titan!
You block the juggernaut's attack. The juggernaut hits you!
* * * LOW HITPOINT WARNING * * *
You hit the juggernaut but do no damage.
You headbutt the juggernaut, but do no damage.
The juggernaut is heavily wounded.
You hit the juggernaut but do no damage.
The juggernaut is heavily wounded.
You cut the juggernaut into ribbons!!! You headbutt the juggernaut!
The juggernaut is almost dead.
You slash the juggernaut! You headbutt the juggernaut!
The juggernaut is almost dead.
The juggernaut hits you!!
You die...

###≈≈..)).§.§.≈§
##≈§§§..§†....≈≈#
#≈≈≈.≈...)...≈≈≈#
##≈§.........≈≈###
#§§...§......≈§#
§§§....§§≈.^≈###
§§....)§§.§≈§#
§§....^..≈≈###
...§§..@≈≈##
.≈.§§.C≈###
...§§..≈≈
≈..§§....§
≈.§......§≈
#§§§§....§C§
##§§..^.....≈
##≈........≈≈


You could see a juggernaut and a titan.

Vanquished Creatures
  4 dread liches
  An ancient lich (Zot:5)
  5 orbs of fire
  4 juggernauts (Geh:4)
  Frederick (Vaults:3)
  7 Killer Klowns (Zot:5)
  Saint Roka (Depths:1)
  A curse toe (Zot:4)
  Geryon (Hell)
  Jory (Vaults:3)
  5 caustic shrikes
  10 golden dragons
  A profane servitor (Crypt:3)
  4 electric golems
  A bone dragon (Crypt:3)
  Arachne (Spider:2)
  2 hellephants (Geh:1)
  Zenata (Vaults:2)
  16 tentacled monstrosities
  5 liches
  25 Orb Guardians (Zot:5)
  2 tainted leviathans (Geh:4)
  3 deep elf blademasters
  The ghost of Fuxaofaz the Slayer, an adept MiFi of Okawaru (Swamp:2)
  2 deep elf master archers (Elf:3)
  10 titans
  9 quicksilver dragons
  Murray (Hell)
  Asterion (Spider:4)
  2 walking frostbound tomes (Depths:3)
  10 death cobs
  3 sphinxes
  Kirke (Spider:2)
  Frances (Elf:1)
  9 ancient champions
  7 tengu reavers
  Gastronok (D:9)
  16 shadow dragons
  A fenstrider witch (Swamp:4)
  7 draconian monks
  17 storm dragons
  9 draconian knights
  Donald (Spider:2)
  Roxanne (Elf:1)
  3 revenants
  An azure jelly (Swamp:4)
  11 emperor scorpions
  17 frost giants
  3 iron dragons
  11 ghost moths
  23 fire giants
  Louise (Elf:1)
  Aizul (Swamp:4)
  2 deep elf sorcerers (Elf:3)
  4 orc warlords
  A caustic shrike zombie (D:15)
  18 vault wardens
  A balrug (Geh:2)
  A cacodemon (Hell)
  5 draconian scorchers
  2 curse skulls
  A deep elf elementalist (Elf:3)
  20 ironbound preservers
  A spectral caustic shrike (Crypt:3)
  12 draconian annihilators
  12 draconian shifters
  2 broodmothers
  5 reapers (Hell)
  11 draconian stormcallers
  A ghoul (Crypt:3)
  The ghost of Ytheofip the Cleaver, a journeyman FoFi of Okawaru (D:14)
  28 very ugly things
  2 war gargoyles
  23 stone giants
  2 spriggan defenders (Depths:4)
  6 ironbound thunderhulks
  13 green draconians
  Nessos (Lair:4)
  3 eleionomae
  3 entropy weavers
  11 vampire knights
  21 black draconians
  5 deep elf demonologists (Elf:3)
  A lorocyproca (Hell)
  4 spark wasps
  4 deep elf annihilators
  The ghost of mandoloar the Summoner, a journeyman TeSu of Gozag (Lair:4)
  A bunyip (Swamp:3)
  13 purple draconians
  3 dire elephants
  18 white draconians
  17 yellow draconians
  2 blizzard demons (Hell)
  12 red draconians
  8 deep elf death magi
  2 eidola
  20 ettins
  A spectral iron giant (Crypt:3)
  Snorg (Orc:2)
  A great orb of eyes (shapeshifter) (Vaults:5)
  5 great orbs of eyes
  14 fire dragons
  2 shambling mangroves (Swamp:4)
  15 yaktaur captains
  20 jiangshi
  3 spectral fenstrider witches (Swamp:2)
  3 deep elf high priests
  A merfolk impaler (Depths:4)
  7 boulder beetles
  33 vault guards
  3 salamander tyrants
  A spriggan air mage (Depths:1)
  5 rakshasas
  15 hydras
  2 radroaches
  14 ice dragons
  An anaconda (shapeshifter) (Vaults:5)
  3 ogre magi
  6 jorogumos
  11 centaur warriors
  5 ironbound frosthearts
  A two-headed ogre (shapeshifter) (Vaults:1)
  7 catoblepae
  12 two-headed ogres
  A stoker (Geh:2)
  6 deep troll shamans
  12 alligators
  8 death knights
  10 tengu warriors
  12 death yaks
  3 vampire magi
  9 deep troll earth magi
  2 hell hogs (Hell)
  37 dancing weapons
  4 shock serpents (Zot:2)
  Urug (D:10)
  9 spriggan berserkers
  18 hell knights
  A titan zombie (Vaults:5)
  3 sun demons (Hell)
  17 deep elf knights
  7 soul eaters
  7 iron trolls
  2 salamander mystics
  5 sixfirhies
  7 goliath frogs
  5 pharaoh ants
  8 shadow wraiths
  47 skeletal warriors
  Lodul (D:10)
  A spectral bunyip (Crypt:3)
  3 spriggan druids
  A deep troll (shapeshifter) (Vaults:1)
  6 steelbarb worms
  2 glowing orange brains
  9 orb spiders
  57 deep trolls
  12 wizards
  2 anaconda skeletons (Hell)
  7 flayed ghosts
  16 deep elf archers
  A spectral iron dragon (Crypt:3)
  10 phantasmal warriors
  4 swamp dragons
  A swamp dragon (shapeshifter) (Depths:3)
  15 lindwurms
  A tengu zombie (D:15)
  An orange crystal statue (Depths:3)
  3 bog bodies
  33 deep elf zephyrmancers
  20 ironbound convokers
  10 orc knights
  A fenstrider witch simulacrum (Swamp:2)
  24 deep elf pyromancers
  An oklob plant (D:10)
  4 harpies (Depths:3)
  A broodmother zombie (Crypt:2)
  4 will-o-the-wisps
  9 necromancers
  A spectral spriggan (Swamp:2)
  2 orc sorcerers
  40 ugly things
  A goliath frog skeleton (Crypt:2)
  4 salamanders
  35 wolf spiders
  A stone giant zombie (Vaults:5)
  7 manticores
  10 cyclopes
  A jorogumo skeleton (Crypt:1)
  A shadow dragon skeleton (Depths:1)
  19 moths of wrath
  Maurice (Orc:1)
  3 ice statues
  2 salamanders (shapeshifter)
  8 elephants (Lair:5)
  A rust devil (Hell)
  4 torpor snails
  27 vault sentinels
  7 smoke demons (Hell)
  6 black mambas
  2 gargoyles (Volcano)
  A guardian serpent (shapeshifter) (Depths:3)
  2 guardian serpents (Depths:2)
  3 molten gargoyles (Hell)
  2 orange demons (Hell)
  A water nymph (shapeshifter) (Depths:3)
  A cane toad (shapeshifter) (Elf:2)
  A fire giant skeleton (D:15)
  2 unseen horrors
  7 hellions
  12 cane toads
  A sea snake zombie (Hell)
  A kobold demonologist (D:12)
  3 rime drakes
  A black draconian zombie (Crypt:1)
  4 centaur skeletons (D:13)
  12 freezing wraiths
  A komodo dragon (shapeshifter) (Vaults:5)
  33 yaktaurs
  2 spectral death drakes (Swamp:2)
  4 tengu conjurers
  2 efreet
  9 komodo dragons
  4 demonic crawlers
  A guardian mummy (D:15)
  3 ice devils
  A tormentor (Geh:2)
  A mana viper zombie (Crypt:2)
  2 trolls (shapeshifter)
  12 trolls
  An unseen horror skeleton (Crypt:1)
  A hydra zombie (Hell)
  A bloated husk (Swamp:3)
  4 polar bears
  Prince Ribbit (D:9)
  15 meliai
  4 tyrant leeches
  22 hornets
  20 blink frogs
  Grinder (D:5)
  2 raiju (Zot:2)
  A hydra skeleton (Hell)
  23 tarantellas
  7 dream sheep (Lair:5)
  A tarantella (shapeshifter) (Vaults:2)
  36 slime creatures
  A stone giant simulacrum (Depths:1)
  2 alligator skeletons (Hell)
  49 flying skulls (Crypt:3)
  3 small abominations (Crypt:3)
  A satyr skeleton (Crypt:1)
  An ettin skeleton (D:15)
  2 spriggan skeletons
  21 jumping spiders
  10 water elementals
  3 air elementals
  10 spriggans
  4 wyverns
  A dire elephant simulacrum (IceCv)
  49 yaks
  31 culicivoras
  2 shadows (Crypt:3)
  A black mamba zombie (Crypt:2)
  A vampire (D:11)
  4 fire elementals
  6 wraiths
  3 hogs (Spider:2)
  2 steam dragons
  An elf simulacrum (Vaults:5)
  2 death yak simulacra (IceCv)
  A golden eye (shapeshifter) (D:14)
  53 redbacks
  3 swamp worm simulacra (Swamp:4)
  10 vampire mosquitoes
  A sea snake simulacrum (Hell)
  6 basilisks
  15 swamp worms
  4 wargs
  A death drake simulacrum (Swamp:2)
  A faun zombie (Crypt:1)
  A fire bat zombie (Crypt:2)
  A two-headed ogre zombie (Crypt:2)
  11 water moccasins
  A harpy simulacrum (IceCv)
  A floating eye (Depths:2)
  A hell hound (Depths:3)
  2 acid dragons
  17 hydra simulacra
  15 orc warriors
  3 swamp drakes (Swamp:1)
  A large abomination (Crypt:3)
  A sky beast (D:7)
  3 wolves (Lair:3)
  2 black bears (Crypt:2)
  An elephant zombie (Crypt:2)
  33 ogres
  3 boggarts (Vaults:4)
  17 centaurs
  A snapping turtle skeleton (Crypt:2)
  2 elf zombies
  2 kobold brigands
  A phantom (D:5)
  10 two-headed ogre simulacra (IceCv)
  3 earth elementals
  6 necrophages
  9 bullfrogs
  A cane toad simulacrum (IceCv)
  6 scorpions
  13 wights
  A hornet simulacrum (D:15)
  19 killer bees
  2 elephant simulacra (IceCv)
  6 howler monkeys
  A bullfrog zombie (Crypt:2)
  2 hounds
  A centaur zombie (Ossuary)
  2 jellies (D:6)
  16 orc priests
  A gnoll bouda (D:5)
  An iguana (D:5)
  A black bear skeleton (Crypt:1)
  19 orc wizards
  8 spriggan simulacra
  5 lightning spires (Zot:2)
  4 troll simulacra (IceCv)
  3 polar bear simulacra (IceCv)
  2 wolf simulacra (IceCv)
  2 mummies (Ossuary)
  Robin (D:3)
  11 gnolls
  6 adders
  3 naga simulacra (IceCv)
  A shadow imp (D:6)
  8 white imps
  5 swamp drake simulacra (Swamp:4)
  2 ufetubi (IceCv)
  An adder zombie (Ossuary)
  2 worms
  2 dart slugs (D:1)
  75 orcs
  9 endoplasms
  4 giant cockroaches
  11 goblins
  11 hobgoblins
  14 kobolds
  7 quokkas
  9 ball pythons
  6 bats
  4 frilled lizards
  A goblin skeleton (Crypt:2)
  A goblin zombie (Ossuary)
  12 hobgoblin zombies (Ossuary)
  3 jackal zombies
  8 kobold zombies (Ossuary)
  9 orc zombies (Ossuary)
  2 rats
  2 rat zombies (Ossuary)
  7 fire vortices (Geh:2)
  A plant (Depths:4)
  5 withered plants (D:15)
2564 creatures vanquished.

Vanquished Creatures (others)
  2 ancient liches (Zot:5)
  A fire giant (Geh:4)
  A deep elf demonologist (Elf:3)
  A deep elf knight (Elf:2)
  A moth of wrath (Zot:1)
  A wizard (D:8)
  A bloated husk (Swamp:1)
  A swamp worm (Swamp:4)
  5 ball lightnings (Zot:2)
  3 fire vortices
  19 foxfires
  16 fungi
  133 plants
  7 withered plants (D:15)
192 creatures vanquished.

Grand Total: 2756 creatures vanquished

Notes
Turn   | Place    | Note
-------+----------+-------------------------------------------
     0 | D:1      | sanboga the Minotaur Berserker began the quest for the Orb.
     0 | D:1      | Reached XP level 1. HP: 19/19 MP: 0/0
   445 | D:1      | Found a faded altar of an unknown god.
   451 | D:1      | Reached XP level 2. HP: 27/27 MP: 1/1
  1004 | D:2      | Reached XP level 3. HP: 25/33 MP: 2/2
  1178 | D:2      | Reached ** piety under Trog
  1535 | D:2      | Reached XP level 4. HP: 40/40 MP: 3/3
  1552 | D:2      | Reached skill level 5 in Axes
  2109 | D:3      | Noticed Robin
  2122 | D:3      | Killed Robin
  2594 | D:4      | Identified a scroll of acquirement
  2594 | D:4      | Acquired the +1 crystal plate armour of the Armoured One
                  | {Will+ Dex+2}
  2653 | D:4      | Noticed a scorpion
  2660 | D:4      | Killed a scorpion
  2661 | D:4      | Reached XP level 5. HP: 44/47 MP: 4/4
  2661 | D:4      | Found a sand-covered staircase.
  2671 | Ossuary  | Entered an ossuary
  2687 | Ossuary  | Reached *** piety under Trog
  2790 | Ossuary  | Reached skill level 5 in Fighting
  2799 | Ossuary  | Reached XP level 6. HP: 56/56 MP: 5/5
  2801 | Ossuary  | Reached **** piety under Trog
  2967 | D:4      | Acquired a manual of Fighting
  3064 | D:4      | Reached skill level 5 in Armour
  3064 | D:4      | Reached XP level 7. HP: 44/62 MP: 6/6
  3597 | D:5      | Entered Level 5 of the Dungeon
  3620 | D:5      | Noticed Grinder
  3638 | D:5      | Killed Grinder
  3840 | D:5      | Found Xerol's Distillery.
  3846 | D:5      | Bought a potion of heal wounds for 55 gold pieces
  3846 | D:5      | Bought a potion of mutation for 88 gold pieces
  3846 | D:5      | Bought a potion of curing for 33 gold pieces
  3922 | D:5      | Reached XP level 8. HP: 69/73 MP: 7/7
  4122 | D:5      | Found a hide-covered altar of Uskayaw.
  4835 | D:6      | Reached skill level 10 in Axes
  5216 | D:7      | Found Cuicw's Specific Store.
  5218 | D:7      | Found Aqael's General Store.
  5222 | D:7      | Bought a scroll of enchant armour for 112 gold pieces
  5231 | D:7      | Bought a scroll of identify for 30 gold pieces
  5286 | D:7      | Reached ***** piety under Trog
  5287 | D:7      | Reached XP level 9. HP: 82/85 MP: 8/8
  5498 | D:7      | Reached skill level 10 in Fighting
  5577 | D:7      | Found a blossoming altar of Fedhas.
  5997 | D:7      | Found a staircase to the Ecumenical Temple.
  6480 | D:8      | Paralysed by a hornet for 3 turns
  6650 | D:8      | Found a bloodstained altar of Trog.
  6653 | D:8      | Noticed a wizard
  6659 | D:8      | Killed a wizard
  6772 | D:8      | Found Faterph's Magic Scroll Emporium.
  6777 | D:8      | Bought a scroll of enchant weapon for 82 gold pieces
  6777 | D:8      | Bought a scroll of teleportation for 33 gold pieces
  7121 | D:9      | Reached XP level 10. HP: 61/96 MP: 9/9
  7290 | D:9      | Noticed Prince Ribbit
  7306 | D:9      | Killed Prince Ribbit
  7555 | D:9      | Noticed Gastronok
  7565 | D:9      | Killed Gastronok
  7828 | D:9      | Reached skill level 10 in Armour
  8272 | D:10     | Entered Level 10 of the Dungeon
  8333 | D:10     | Noticed Urug
  8344 | D:10     | Killed Urug
  8417 | D:10     | Received a gift from Trog
  8454 | D:10     | Noticed Lodul
  8460 | D:10     | Reached XP level 11. HP: 110/110 MP: 10/10
  8463 | D:10     | Killed Lodul
  8479 | D:10     | Reached skill level 15 in Axes
  8662 | D:10     | Noticed an oklob plant
  8666 | D:10     | Found a staircase to the Lair.
  8673 | D:10     | Killed an oklob plant
  9967 | D:8      | Bought a scroll of blinking for 82 gold pieces
  9967 | D:8      | Bought a scroll of blinking for 82 gold pieces
 10084 | D:11     | Reached skill level 15 in Fighting
 10194 | D:11     | Noticed a six-headed hydra
 10203 | D:11     | Killed a 12-headed hydra
 10477 | D:11     | Noticed a four-headed hydra
 10485 | D:11     | Killed a nine-headed hydra
 11213 | D:12     | Noticed a two-headed ogre
 11229 | D:12     | Killed a two-headed ogre
 11297 | D:12     | Noticed a boulder beetle
 11312 | D:12     | Killed a boulder beetle
 11313 | D:12     | Reached XP level 12. HP: 73/122 MP: 11/11
 11832 | D:12     | Found a broken altar of Ashenzari.
 11949 | D:12     | Found a staircase to the Orcish Mines.
 12297 | D:12     | Found a portal to a secret trove of treasure.
 12509 | D:13     | Noticed a two-headed ogre
 12519 | D:13     | Killed a two-headed ogre
 12701 | D:13     | Noticed a two-headed ogre
 12701 | D:13     | Noticed an ogre mage
 12702 | D:13     | Noticed a two-headed ogre
 12722 | D:13     | Killed a two-headed ogre
 12724 | D:13     | Killed an ogre mage
 12727 | D:13     | Killed a two-headed ogre
 13880 | D:13     | Found a gate to the Vaults.
 13924 | D:13     | Noticed a two-headed ogre
 13928 | D:13     | Killed a two-headed ogre
 14158 | D:13     | Noticed a centaur warrior
 14164 | D:13     | Killed a centaur warrior
 14293 | D:13     | Noticed a tengu warrior
 14295 | D:13     | Noticed a centaur warrior
 14300 | D:13     | Killed a tengu warrior
 14301 | D:13     | Reached XP level 13. HP: 93/133 MP: 12/12
 15232 | D:14     | Found a shadowy altar of Dithmenos.
 15886 | D:14     | Found a runed translucent door.
 15888 | D:14     | Noticed Ytheofip's ghost (journeyman FoFi)
 16031 | D:14     | Killed Ytheofip's ghost
 16255 | D:15     | Entered Level 15 of the Dungeon
 16710 | D:15     | HP: 7/204 [boulder beetle (40)]
 17379 | D:15     | Found a staircase to the Depths.
 17403 | D:15     | Reached XP level 14. HP: 144/144 MP: 13/13
 17916 | Lair:1   | Entered Level 1 of the Lair of Beasts
 18988 | Lair:2   | Found a hole to the Spider Nest.
 18996 | Lair:2   | Reached skill level 15 in Armour
 19161 | Lair:2   | Found a staircase to the Swamp.
 19998 | Lair:3   | Received a gift from Trog
 20014 | Lair:3   | Found a dark tunnel.
 20023 | Volcano  | Entered a volcano
 20187 | Volcano  | Noticed a stone giant
 20198 | Volcano  | Killed a stone giant
 21270 | Lair:4   | Noticed Nessos
 21278 | Lair:4   | Killed Nessos
 21444 | Lair:4   | Reached ****** piety under Trog
 21815 | Lair:4   | Noticed mandoloar's ghost (journeyman TeSu)
 21816 | Lair:4   | Found a transporter.
 21970 | Lair:4   | Found a transporter.
 22445 | Lair:4   | Killed mandoloar's ghost
 22449 | Lair:4   | Identified the ring "Xelu" {rElec rPois rCorr Int+3 Dex+6}
 22518 | Lair:5   | Entered Level 5 of the Lair of Beasts
 22618 | Lair:5   | Received a gift from Trog
 23159 | Lair:5   | Reached XP level 15. HP: 147/154 MP: 14/14
 23254 | Lair:5   | Found a staircase to the Slime Pits.
 23266 | Lair:5   | Found a viscous altar of Jiyva.
 23959 | Lair:5   | Identified the +8 executioner's axe "Watop" {vorpal, Contam
                  | rElec Str+2 Dex+4} (Trog gifted it to you on level 5 of the
                  | Lair of Beasts)
 23959 | Lair:5   | Received a gift from Trog
 24181 | Lair:5   | Identified the +2 ring mail of Geteru {Dex+4}
 24476 | Slime:1  | Entered Level 1 of the Pits of Slime
 24643 | Orc:1    | Entered Level 1 of the Orcish Mines
 24677 | Orc:1    | Noticed Maurice
 24696 | Orc:1    | Killed Maurice
 24713 | Orc:1    | Found a frozen archway.
 24722 | IceCv    | Entered an ice cave
 25075 | IceCv    | Received a gift from Trog
 25861 | Orc:1    | Found Ryddol's Armour Boutique.
 25869 | Orc:1    | Bought a +1 cloak for 126 gold pieces
 25997 | Orc:1    | Found a burning altar of Makhleb.
 26196 | Orc:2    | Entered Level 2 of the Orcish Mines
 26236 | Orc:2    | Noticed Snorg
 26244 | Orc:2    | Found a flickering gateway to a bazaar.
 26253 | Bazaar   | Entered a bazaar
 26271 | Bazaar   | Found Saojyblo's General Store.
 26277 | Bazaar   | Bought a wand of acid (4) for 319 gold pieces
 26277 | Bazaar   | Bought a scroll of enchant weapon for 142 gold pieces
 26277 | Bazaar   | Bought a scroll of magic mapping for 142 gold pieces
 26290 | Bazaar   | Found Qyidoghips's Assorted Antiques.
 26296 | Bazaar   | Bought a scroll of enchant weapon for 240 gold pieces
 26309 | Bazaar   | Found Daimnual's Magic Scroll Emporium.
 26309 | Bazaar   | Found Zatow's Antique Weapon Shoppe.
 26315 | Bazaar   | Bought a scroll of enchant weapon for 105 gold pieces
 26315 | Bazaar   | Bought a scroll of enchant armour for 105 gold pieces
 26333 | Bazaar   | Found Gucw's Armour Emporium.
 26333 | Bazaar   | Found Vuniuz's Antique Armour Shoppe.
 26388 | Bazaar   | Bought a pair of glowing gloves for 187 gold pieces
 26413 | Orc:2    | Killed Snorg
 26588 | Orc:2    | Found a staircase to the Elven Halls.
 26690 | Orc:2    | Noticed an orc warlord
 26702 | Orc:2    | Identified the +8 lajatang of the Ten Artists {flame, rF+
                  | rCorr} (Trog gifted it to you on level 2 of the Orcish
                  | Mines)
 26702 | Orc:2    | Received a gift from Trog
 26709 | Orc:2    | Killed an orc warlord
 26722 | Orc:2    | Found Wirazo's Antique Weapon Boutique.
 26723 | Orc:2    | Found Raexzev's Assorted Antiques.
 27078 | Orc:2    | Found Bintet's Book Shoppe.
 27087 | Orc:2    | Found Gujeruro's Antique Armour Boutique.
 27437 | Swamp:1  | Entered Level 1 of the Swamp
 27444 | Swamp:1  | Reached XP level 16. HP: 143/165 MP: 15/15
 29448 | Swamp:2  | Found a runed translucent gate.
 29449 | Swamp:2  | Found a runed translucent gate.
 29450 | Swamp:2  | Found a runed translucent gate.
 29451 | Swamp:2  | Found the +3 Elemental Staff {rElec rF++ rC++ AC+5}
 29452 | Swamp:2  | Noticed Fuxaofaz's ghost (adept MiFi)
 29536 | Swamp:2  | Identified the +9 battleaxe of Zuawk {flame, Str+3} (Trog
                  | gifted it to you on level 2 of the Swamp)
 29536 | Swamp:2  | Received a gift from Trog
 29548 | Swamp:2  | Killed Fuxaofaz's ghost
 30184 | Orc:2    | Bought a scroll of acquirement for 1404 gold pieces
 30188 | Orc:2    | Acquired a manual of Armour
 30835 | Swamp:3  | Identified the +9 long sword of the Morning {pain, Fly rF-
                  | rC+ Int+8}
 31324 | Swamp:4  | Entered Level 4 of the Swamp
 31570 | Swamp:4  | Noticed Aizul
 31597 | Swamp:4  | Killed Aizul
 32221 | Swamp:4  | Identified the +11 mace of the Twelve Things {vorpal,
                  | rCorr}
 32385 | Swamp:4  | Received a gift from Trog
 32415 | Swamp:4  | HP: 7/167 [seven-headed hydra simulacrum (34)]
 32685 | Swamp:4  | Got a decaying rune of Zot
 33014 | Spider:1 | Entered Level 1 of the Spider Nest
 33047 | Spider:1 | Reached XP level 17. HP: 159/173 MP: 16/16
 33605 | Spider:1 | Received a gift from Trog
 34451 | Spider:2 | Noticed Kirke
 34460 | Spider:2 | Killed Kirke
 35065 | Spider:2 | Noticed Arachne
 35069 | Spider:2 | Killed Arachne
 35283 | Spider:2 | Noticed Donald
 35287 | Spider:2 | Killed Donald
 35499 | Spider:3 | Received a gift from Trog
 35680 | Spider:3 | Paralysed by a jorogumo for 1 turns
 37424 | Spider:4 | Entered Level 4 of the Spider Nest
 37588 | Spider:4 | Received a gift from Trog
 37599 | Spider:4 | Reached XP level 18. HP: 115/185 MP: 5/17
 37609 | Spider:4 | Reached skill level 27 in Axes
 38114 | Spider:4 | Identified the +1 scale mail of Bespelled Happiness {+Blink
                  | rElec rF++ Dex+4}
 38128 | Spider:4 | Identified the +6 falchion of Zufagg {vorpal, +Blink rF-
                  | Dex+7 SInv}
 38254 | Spider:4 | Noticed Asterion
 38269 | Spider:4 | Killed Asterion
 38619 | Spider:4 | HP: 9/188 [poisoned by a redback]
 39482 | Spider:4 | Got a gossamer rune of Zot
 39491 | Spider:4 | Identified the -2 pair of gloves of Zafix {Rampage rElec
                  | SInv}
 39494 | Spider:4 | Received a gift from Trog
 40254 | Vaults:1 | Entered Level 1 of the Vaults
 40629 | Vaults:1 | Found Zacvaup's Armour Shop.
 41260 | Vaults:1 | Identified the +0 spear of Messu {freeze, rPois rC++ Str+3
                  | SInv}
 42059 | Vaults:1 | Found Gudwor's Distillery.
 42070 | Vaults:1 | Bought 2 potions of heal wounds for 150 gold pieces
 42070 | Vaults:1 | Bought a potion of heal wounds for 75 gold pieces
 42134 | Vaults:1 | Identified the +8 arbalest "Toucicez" {vorpal, rCorr}
 42320 | Vaults:2 | Identified the +8 glaive of the Hundredfold Dances {flame,
                  | rF+ SInv} (Trog gifted it to you on level 2 of the Vaults)
 42320 | Vaults:2 | Received a gift from Trog
 42321 | Vaults:2 | Reached XP level 19. HP: 198/198 MP: 18/18
 42887 | Vaults:2 | Found Asupt's Assorted Antiques.
 42895 | Vaults:2 | Bought a scroll of magic mapping for 187 gold pieces
 42907 | Vaults:2 | Received a gift from Trog
 43105 | Vaults:2 | Noticed Zenata
 43112 | Vaults:2 | Killed Zenata
 44081 | Vaults:3 | Found a staircase to the Crypt.
 44093 | Vaults:3 | Received a gift from Trog
 44293 | Vaults:3 | Noticed Jory
 44312 | Vaults:3 | Killed Jory
 45193 | Vaults:3 | Identified the +1 scale mail of the Thunderstorm {+Blink
                  | rElec rN+ Int+4}
 45260 | Vaults:3 | Noticed Frederick
 45270 | Vaults:3 | Reached XP level 20. HP: 213/213 MP: 19/19
 45282 | Vaults:3 | Killed Frederick
 45761 | Vaults:3 | Received a gift from Trog
 46812 | Vaults:4 | Received a gift from Trog
 47447 | Vaults:4 | Found Xeras's Jewellery Emporium.
 48465 | Vaults:5 | Entered Level 5 of the Vaults
 48477 | Vaults:5 | Reached skill level 27 in Fighting
 48478 | Vaults:5 | Received a gift from Trog
 48834 | Vaults:5 | Reached skill level 27 in Armour
 49061 | Vaults:5 | Noticed a dread lich
 49064 | Vaults:5 | Noticed a golden dragon
 49244 | Vaults:4 | Killed a dread lich
 49245 | Vaults:4 | Reached skill level 5 in Dodging
 49248 | Vaults:5 | Noticed a dread lich
 49389 | Vaults:4 | Killed a dread lich
 50013 | Vaults:5 | Reached XP level 21. HP: 150/220 MP: 20/20
 50207 | Vaults:4 | Killed a golden dragon
 50438 | Vaults:5 | Noticed a dread lich
 50446 | Vaults:4 | Killed a dread lich
 50540 | Vaults:5 | Noticed a golden dragon
 50540 | Vaults:5 | Received a gift from Trog
 50614 | Vaults:4 | Killed a golden dragon
 50803 | Vaults:5 | Reached skill level 10 in Dodging
 51647 | Vaults:5 | Received a gift from Trog
 52111 | Vaults:5 | Identified the ring "Ninnalio" {Contam MP+9 EV+4 Str+2}
 52290 | Vaults:5 | Got a silver rune of Zot
 52904 | Vaults:5 | Identified the ring of Ciublaug {Wiz Dex+4}
 52967 | Vaults:5 | Identified the +6 glaive of the Hundredfold Coins {speed,
                  | rElec Int+2}
 53108 | Vaults:5 | Identified the +3 plate armour of Distant Worlds {rN+}
 53705 | Depths:1 | Entered Level 1 of the Depths
 54813 | D:12     | You paid a toll of a +8 demon blade to enter a treasure
                  | trove
 54814 | Trove    | Entered a treasure trove
 54821 | Trove    | Identified the +1 plate armour "Naakhiq" {rC+ Int+4 Dex+2}
 54836 | Trove    | Identified the amulet of the Centipede {Faith rC+ Int+3}
 54847 | Trove    | Identified the amulet of Autumn {Spirit Rampage Fly rElec}
 55125 | Depths:1 | Received a gift from Trog
 55126 | Depths:1 | Reached skill level 15 in Dodging
 55316 | Depths:1 | Noticed Saint Roka
 55343 | Depths:1 | Killed Saint Roka
 55926 | Depths:1 | Found a gateway to Hell.
 56015 | Depths:1 | Found a runed translucent door.
 56276 | Depths:1 | Reached XP level 22. HP: 224/233 MP: 21/21
 56485 | Depths:1 | Received a gift from Trog
 56774 | Hell     | Entered the Vestibule of Hell
 57067 | Depths:2 | Found Gozag's Assorted Antiques.
 57072 | Depths:2 | Found an opulent altar of Gozag.
 57073 | Depths:2 | Noticed a caustic shrike
 57074 | Depths:2 | Noticed a caustic shrike
 57077 | Depths:2 | Noticed a caustic shrike
 57080 | Depths:2 | Killed a caustic shrike
 57084 | Depths:2 | Killed a caustic shrike
 57087 | Depths:2 | Killed a caustic shrike
 57090 | Depths:2 | Paralysed by a floating eye for 4 turns
 57093 | Depths:2 | Noticed a golden dragon
 57112 | Depths:2 | Killed a golden dragon
 57129 | Depths:2 | Found Gozag's Assorted Antiques.
 57142 | Depths:2 | Bought a scroll of brand weapon for 950 gold pieces
 57297 | Depths:2 | Found Gozag's Antique Weapon Emporium.
 57459 | Depths:2 | Found a one-way gateway to a ziggurat.
 57493 | Depths:2 | Found a one-way gate leading to the halls of Pandemonium.
 58318 | Depths:3 | Identified the +9 spear of Vemoit {spect, Fragile rN+ Dex+7
                  | SInv}
 58354 | Depths:3 | Received a gift from Trog
 58384 | Depths:3 | Noticed a caustic shrike
 58391 | Depths:3 | Killed a caustic shrike
 58529 | Depths:3 | Identified the +7 chain mail of the Forsaken Souls
                  | {Rampage}
 58654 | Depths:3 | Noticed a caustic shrike
 58669 | Depths:3 | Killed a caustic shrike
 59023 | Depths:3 | Received a gift from Trog
 59037 | Depths:3 | Reached XP level 23. HP: 159/230 MP: 22/22
 59075 | Depths:3 | Found a one-way gate to the infinite horrors of the Abyss.
 59080 | Depths:3 | Found Iveriritha's Antique Armour Shoppe.
 59777 | Depths:4 | Entered Level 4 of the Depths
 60482 | Depths:4 | Found a gate to the Realm of Zot.
 60661 | Depths:4 | Received a gift from Trog
 61151 | Elf:1    | Entered Level 1 of the Elven Halls
 61151 | Elf:1    | Noticed Louise
 61173 | Elf:1    | Killed Louise
 61236 | Elf:1    | Noticed Roxanne
 61242 | Elf:1    | Killed Roxanne
 61530 | Elf:1    | Noticed Frances
 61541 | Elf:1    | Killed Frances
 61541 | Elf:1    | Received a gift from Trog
 61932 | Elf:1    | Found Kycit's Book Shop.
 62617 | Elf:2    | Received a gift from Trog
 63114 | Elf:2    | Found a runed translucent gate.
 63114 | Elf:2    | Found a runed translucent gate.
 63114 | Elf:2    | Found a runed translucent gate.
 63755 | Elf:3    | Entered Level 3 of the Elven Halls
 63978 | Elf:3    | Found Mipsokk's Distillery.
 63982 | Elf:3    | Bought a potion of heal wounds for 105 gold pieces
 63982 | Elf:3    | Bought a potion of mutation for 168 gold pieces
 63982 | Elf:3    | Bought a potion of heal wounds for 105 gold pieces
 63982 | Elf:3    | Bought a potion of mutation for 168 gold pieces
 63982 | Elf:3    | Bought 2 potions of might for 168 gold pieces
 64135 | Elf:3    | Reached XP level 24. HP: 197/249 MP: 22/22
 64566 | Elf:3    | Identified the ring "Vierph" {Fly rF+ Str+3}
 64568 | Elf:3    | Identified the +10 halberd of Greed {vorpal, rElec MP+9
                  | SInv}
 64587 | Elf:3    | Identified the ring "Lidalote" {rPois Will+ Int+6}
 64763 | Elf:3    | Identified the +3 morningstar of Voyntouxt {venom, rC+
                  | Will+}
 64789 | Elf:3    | Identified the +6 demon trident "Hell-Harrower" {flame,
                  | rElec}
 65209 | Elf:3    | Identified the +1 sling "Apan" {vorpal, Fly}
 65265 | Elf:3    | Received a gift from Trog
 65412 | Elf:3    | Identified the +4 scale mail of the Flute {rElec rCorr
                  | Dex+4}
 65514 | Elf:3    | Identified the +0 robe of Nemelex Xobeh, Howling {rPois
                  | Regen+ Stlth+ Archmagi}
 65818 | Zot:1    | Entered Level 1 of the Realm of Zot
 65830 | Zot:1    | Noticed an orb of fire
 65843 | Zot:1    | Gained mutation: You are strong-willed. (Will+) [an orb of
                  | fire]
 65851 | Zot:1    | Killed an orb of fire
 66499 | Zot:1    | You are sucked into a shaft and drop 1 floor!
 66680 | Zot:2    | Reached skill level 27 in Dodging
 66680 | Zot:2    | Reached skill level 1 in Stealth
 66681 | Zot:2    | Reached skill level 1 in Unarmed Combat
 66689 | Zot:2    | Received a gift from Trog
 66927 | Zot:2    | Reached skill level 5 in Stealth
 67060 | Zot:2    | Reached skill level 5 in Unarmed Combat
 67430 | Zot:1    | Identified the +7 short sword "Goblinbane" {vorpal, rPois
                  | Dex+4}
 67465 | Zot:1    | Received a gift from Trog
 67756 | Zot:1    | Reached XP level 25. HP: 239/257 MP: 22/22
 68411 | Zot:2    | Reached skill level 10 in Stealth
 68964 | Zot:3    | Received a gift from Trog
 70792 | Zot:4    | Reached skill level 10 in Unarmed Combat
 71923 | Zot:5    | Entered Level 5 of the Realm of Zot
 72869 | Zot:5    | Found a transporter.
 73040 | Zot:5    | Noticed an ancient lich
 73042 | Zot:5    | Noticed an ancient lich
 73050 | Zot:5    | Killed an ancient lich
 73051 | Zot:5    | Received a gift from Trog
 73054 | Zot:5    | Killed an ancient lich
 73062 | Zot:5    | Reached skill level 15 in Unarmed Combat
 73068 | Zot:5    | Noticed a Killer Klown
 73076 | Zot:5    | Killed a Killer Klown
 73110 | Zot:5    | Noticed a Killer Klown
 73112 | Zot:5    | Noticed a Killer Klown
 73123 | Zot:5    | Noticed a Killer Klown
 73464 | Zot:5    | Killed a Killer Klown
 73474 | Zot:5    | Noticed an orb of fire
 73482 | Zot:5    | Gained mutation: You occasionally lose the ability to drink
                  | potions when taking damage. [an orb of fire]
 73484 | Zot:5    | Killed an orb of fire
 73488 | Zot:5    | Killed a Killer Klown
 73489 | Zot:5    | Reached XP level 26. HP: 133/266 MP: 16/22
 73742 | Zot:5    | Noticed an orb of fire
 73757 | Zot:5    | Killed an orb of fire
 74035 | Zot:5    | Noticed an orb of fire
 74047 | Zot:5    | Killed an orb of fire
 74047 | Zot:5    | Noticed an orb of fire
 74051 | Zot:5    | Gained mutation: You sometimes lose the ability to drink
                  | potions when taking damage. [an orb of fire]
 74052 | Zot:5    | Gained mutation: You are dopey. (Int -2) [an orb of fire]
 74057 | Zot:5    | Gained mutation: You have sharp fingernails. [an orb of
                  | fire]
 74064 | Zot:5    | Killed an orb of fire
 74074 | Zot:5    | Noticed a dread lich
 74074 | Zot:5    | Noticed an ancient lich
 74078 | Zot:5    | Killed an ancient lich
 74203 | Zot:5    | Killed a dread lich
 74532 | Zot:5    | Gained mutation: Your magical capacity is low. (-10% MP)
                  | [mutagenic glow]
 74563 | Zot:5    | Gained mutation: You have hidden genetic defects.
                  | [mutagenic glow]
 75317 | Temple   | Entered the Ecumenical Temple
 75433 | Temple   | Fell from the grace of Trog
 75433 | Temple   | Became a worshipper of the Shining One
 75801 | Crypt:1  | Entered Level 1 of the Crypt
 75848 | Crypt:1  | Reached * piety under the Shining One
 76031 | Crypt:1  | Identified the +3 hand axe "Xeimocs" {freeze, rF+ Str+2
                  | Int+4 Dex+2}
 76054 | Crypt:1  | Reached ** piety under the Shining One
 76843 | Crypt:2  | Reached *** piety under the Shining One
 76868 | Crypt:2  | Reached **** piety under the Shining One
 76923 | Crypt:2  | Gained mutation: Armour fits poorly on your strangely
                  | shaped body. [hidden defects]
 76924 | Crypt:2  | Lost mutation: You are dopey. (Int -2) [potion of mutation]
 76924 | Crypt:2  | Lost mutation: You have sharp fingernails. [potion of
                  | mutation]
 76924 | Crypt:2  | Lost mutation: Your magical capacity is low. (-10% MP)
                  | [potion of mutation]
 76924 | Crypt:2  | Gained mutation: Your mind is acute. (Int +4, Str/Dex -1)
                  | [potion of mutation]
 76924 | Crypt:2  | Gained mutation: You have sharp toenails. [potion of
                  | mutation]
 76950 | Crypt:2  | Reached ***** piety under the Shining One
 77656 | Elf:1    | Gained mutation: You are clumsy. (Dex -2) [mutagenic glow]
 77964 | Crypt:3  | Entered Level 3 of the Crypt
 78060 | Crypt:3  | Reached ****** piety under the Shining One
 78062 | Crypt:3  | Found a basalt altar of Yredelemnul.
 78364 | Crypt:3  | Identified the ring of the Butterfly {rF++ rN+ Will+++ MP+9
                  | Dex-3}
 78364 | Crypt:3  | Identified the ring of the Hairy Apple {rN+ Int+2}
 78364 | Crypt:3  | Identified the ring of the Cockatrice {rC+ rN+ SInv}
 78475 | Crypt:3  | Gained mutation: You are weak. (Str -2) [hidden defects]
 78475 | Crypt:3  | Lost mutation: You have hidden genetic defects. [hidden
                  | defects expressed]
 78514 | Crypt:3  | Lost mutation: You are weak. (Str -2) [potion of mutation]
 78514 | Crypt:3  | Lost mutation: Your mind is acute. (Int +4, Str/Dex -1)
                  | [potion of mutation]
 78514 | Crypt:3  | Gained mutation: Your natural rate of healing is unusually
                  | fast. [potion of mutation]
 78884 | Crypt:3  | Found a staircase to the Tomb.
 79017 | Crypt:3  | Reached XP level 27. HP: 268/273 MP: 22/22
 79077 | Crypt:3  | Identified the +3 falchion of the Brewing Dove {vorpal,
                  | rElec rPois Str+6}
 79120 | Crypt:3  | Identified the +1 robe "Hungue" {Dex+4}
 79150 | Crypt:3  | Identified the +9 rapier of the Warrior {speed, +Blink rF-
                  | Str+4}
 79157 | Crypt:3  | Identified a +9 executioner's axe of holy wrath (a +9
                  | vampiric executioner's axe blessed by the Shining One)
 79157 | Crypt:3  | Received a gift from the Shining One
 79529 | Hell     | Noticed Geryon
 79579 | Hell     | Killed Geryon
 80011 | Hell     | Noticed Murray
 80017 | Hell     | Killed Murray
 80060 | Hell     | Found a gateway to the freezing wastes of Cocytus.
 80103 | Hell     | Found a gateway to the Iron City of Dis.
 80183 | Hell     | Found a gateway to the ashen valley of Gehenna.
 80278 | Hell     | Found a gateway to the decaying netherworld of Tartarus.
 80383 | Geh:1    | Entered Level 1 of Gehenna
 80448 | Geh:1    | You are sucked into a shaft and drop 1 floor!
 80686 | Geh:4    | Noticed a juggernaut
 80700 | Geh:4    | Killed a juggernaut
 80709 | Geh:4    | Noticed a juggernaut
 80719 | Geh:4    | Killed a juggernaut
 80725 | Geh:4    | Noticed a juggernaut
 81089 | Geh:4    | Reached skill level 1 in Invocations
 81094 | Geh:4    | Killed a juggernaut
 81254 | Geh:4    | Noticed a juggernaut
 81266 | Geh:4    | Killed a juggernaut
 81267 | Geh:4    | Reached skill level 5 in Invocations
 81287 | Geh:4    | Noticed a juggernaut
 81302 | Geh:4    | Slain by a juggernaut

Illustrated notes

Levels and vault maps discovered:
D:1:      dpeg_arrival_chambers_temple_mockup, layout_basic,
          ebering_ecumenical_altar_rust
D:2:      layout_rooms
D:3:      layout_basic, serial_glass, glass_columns_c, glass_columns_c,
          glass_columns_b, uniq_robin
D:4:      kennysheep_six_static_rooms, layout_basic,
          nicolae_ossuary_entry_monument
D:5:      layout_rooms, nicolae_uskayaw_murder_on_the_dancefloor,
          serial_corexii_hall, chequers_hall_statues_wall_a,
          corexii_hall_statues_t, serial_shops, nicolae_square_shop,
          uniq_grinder
D:6:      layout_basic
D:7:      layout_loops_corners, mainiacjoe_overflow_catwalk, temple_hall,
          serial_rivers, chequers_serial_rivers_large_b,
          chequers_serial_rivers_micro_b, chequers_serial_rivers_small_a,
          chequers_serial_rivers_room_b, chequers_serial_rivers_micro_c,
          chequers_serial_rivers_small_3, nicolae_specific_store
D:8:      layout_basic, trog_wizard, serial_shops, kennysheep_little_box
D:9:      layout_cave_pools, eino_curves_03, uniq_prince_ribbit1, uniq_gastronok
D:10:     layout_layer_cave, dpeg_oklobed_lair, uniq_urug, uniq_lodul
D:11:     layout_layer_cave
D:12:     layout_cave_pods, minmay_orc_entry_temple_small, serial_park,
          serial_park_square1 [serial_park_minivault_5x5_7], serial_park_square1
          [serial_park_minivault_5x5_8], serial_park_gazebo
          [serial_park_minivault_5x5_7], trove_entry_hex_spiral
D:13:     layout_long_grid, hangedman_vaults_entry_quadrant_bands,
          grunt_ogre_cave
D:14:     layout_gridville, nicolae_concentric_dashed_squares_wild,
          ebering_ghost_inner_flame, grunt_dithmenos_smoke_and_mirrors
D:15:     gammafunk_depths_entry_grave, layout_long_grid
Temple:   compressed_dpeg_triangle_lava_temple
Lair:1:   layout_cave_pods, infiniplex_staircase_pool_2
Lair:2:   layout_loops_ring, minmay_swamp_entry_swarm,
          spider_nest_entry_web_field
Lair:3:   layout_big_grid, nicolae_volcano_entry_vermiform
Lair:4:   layout_cellular_growth, gammafunk_ghost_berserking_beasts,
          serial_bayou_pond_b, uniq_nessos
Lair:5:   evilmike_catoblepas_cave, layout_hall_layers, slime_entry_1,
          serial_bayou_shore_b, grunt_megastairs_2
Swamp:1:  layout_basic_swamp, evilmike_swamp_ruin_house_6, swamp_pool5
Swamp:2:  layout_falls_marsh, gammafunk_ghost_necromancy,
          evilmike_swamp_ruin_house_4, swamp_pool2, nicolae_swamp_spriggan_camp
Swamp:3:  layout_falls_marsh, nicolae_swamp_trees_clearing,
          nicolae_swamp_feature_on_the_river_bank
Swamp:4:  swamp_icy, layout_basic_swamp, swamp_pool3, uniq_aizul
Spider:1: spiders_nest_scorpion_pit
Spider:2: layout_spider_delve, nicolae_spider_wall_of_niches, uniq_arachne,
          uniq_kirke, uniq_donald
Spider:3: layout_chambers
Spider:4: grunt_spider_rune_circles, uniq_asterion
Slime:1:  layout_caves
Orc:1:    minmay_goldmine, layout_caves, portal_ice_cave_rime, serial_shops,
          shop_statue, bloody_makhleb, uniq_maurice
Orc:2:    st_orc_open, layout_diamond_mine, serial_shops, bzr_firewalk,
          uniq_snorg
Elf:1:    eino_elf_arrival_sip, layout_loops_corners, serial_shops,
          nicolae_shop_stone, hangedman_elven_crosses_minicolossus,
          grunt_ministairs_9, drop_trap, guppyfry_library_mini, uniq_frances,
          uniq_louise, uniq_roxanne
Elf:2:    nicolae_elf_blades_splatter_lattice [nicolae_blade_lattice],
          layout_geoelf_grid
Elf:3:    grunt_elf_hall_spiral, layout_gridlike, serial_shops, shop
Vaults:1: v_misc_31, v_misc_10, grunt_vaults_bifocal, vaults_standard_mumra_x,
          vaults_mumra_chevron, vaults_room_grid, vaults_dpeg_encased_lava,
          nicolae_vaults_network_barrier, vaults_mumra_hexcomb,
          ontoclasm_vaults_twist, nicolae_vaults_yaktaur_gun_rack, v_misc_23,
          vaults_room_door_ring, layout_vaults_omnicross, serial_shops, shop,
          shop
Vaults:2: nicolae_vaults_quadrants, v_misc_26, vaults_mumra_minichess_inversion,
          nicolae_vaults_disjoint_gnomons, grunt_vaults_diagonal,
          nicolae_vaults_angled_halls, nicolae_vaults_little_squares_6,
          grunt_vaults_swirl, vaults_room_pools, hangedman_vaults_cutoff,
          v_pattern_4, v_misc_8, nicolae_vaults_little_squares_3,
          layout_vaults_maze, serial_shops,
          nicolae_shop_temple_entry_statues_fountains, uniq_zenata
Vaults:3: minmay_crypt_entry_simple_plaza, vaults_room_hangedman_quadrants,
          nicolae_vaults_circle_grid_b, v_misc_16, vaults_room_door_ring,
          nicolae_vaults_big_angled_halls, nicolae_vaults_three_branches,
          dpeg_vaults_monster_row, vaults_standard_mumra_enter_the_diamond,
          layout_vaults_chaotic_city, uniq_frederick, uniq_jory
Vaults:4: v_misc_1, nicolae_vaults_little_squares_1, vaults_mumra_minichess,
          nicolae_vaults_big_angled_halls, v_misc_2,
          vaults_standard_mumra_lines, grunt_vaults_focal,
          ontoclasm_vaults_chip, vaults_dpeg_ring,
          nicolae_vaults_diagonal_hallway_8, vaults_mumra_hex,
          layout_vaults_quadrants, serial_shops, nicolae_lakefront_shop
Vaults:5
Crypt:1:  layout_chaotic_city, grunt_crypt_arrival_split
Crypt:2:  layout_rooms
Crypt:3:  grunt_crypt_end_deaths_head
Depths:1: layout_honeycomb, hangedman_tar_grid_catacomb, lightli_giant_bouncers,
          uniq_saint_roka
Depths:2: kennysheep_gozag_temple, layout_cross, pan_entry, hell_entry
Depths:3: minmay_the_grid_square_5x5_4x4 [minmay_the_grid_square_5x5_bridge,
          minmay_the_grid_square_5x5_c,
          minmay_the_grid_square_5x5_checkered_sparse,
          minmay_the_grid_square_5x5_percent,
          minmay_the_grid_square_5x5_inner_z,
          minmay_the_grid_square_5x5_prize_waves,
          minmay_the_grid_square_5x5_prize_deathbox,
          minmay_the_grid_square_5x5_comb, minmay_the_grid_square_5x5_bite,
          minmay_the_grid_square_5x5_prize_gold,
          minmay_the_grid_square_5x5_prize_snowflake,
          minmay_the_grid_square_5x5_three_walls,
          minmay_the_grid_square_5x5_eight, minmay_the_grid_square_5x5_v,
          minmay_the_grid_square_5x5_six,
          minmay_the_grid_square_5x5_half_checkered], layout_cave_pools,
          special_room [special_room_mythical_zoo], hell_entry, abyss_entry,
          serial_bayou, serial_bayou_shore_b, serial_bayou_pond_a,
          serial_bayou_pond_b, serial_bayou_pond_c, serial_bayou_lagoon_a,
          serial_bayou_pond_b, roderic_serpentine_path, serial_shops, shop,
          minmay_protected_statue, infiniplex_staircase_pillars_2
Depths:4: grunt_x_marks_the_spot, layout_cave_pools, hell_entry, abyss_entry,
          nicolae_figureground_sparkle, serial_bayou_shore_a
Hell
Geh:1:    layout_gehenna_pools_box
Geh:2:    layout_gehenna_lava_caves
Geh:3:    layout_gehenna_pools_triple
Geh:4:    nicolae_hells_titanomachy
Zot:1:    nicolae_zot_stationary_front, layout_gridlike, zot_minivault_1
Zot:2:    infiniplex_zot_generator, layout_basic, st_small_dragon_hoard_1
Zot:3:    kennysheep_room_grid, layout_cathedral_of_symmetry
Zot:4:    layout_gridlike
Zot:5:    layout_twisted_circle, hangedman_zot_decor_slant, nicolae_diode_basic

Skill      XL: |  1  2  3  4  5  6  7  8  9 10 11 12 13 14 15 16 17 18 19 20 21 22 23 24 25 26 27 |
---------------+----------------------------------------------------------------------------------+-----
Axes           | 4 5 6 7 8 10 12 14 16 18 20 22 23 25 26 27 | 27.0
Fighting       | 4 5 7 9 11 14 16 17 18 19 20 21 22 24 26 27 | 27.0
Armour         | 3 4 5 6 7 9 10 12 13 14 16 17 19 21 23 25 27 | 27.0
Dodging        | 7 15 20 24 27 | 27.0
Stealth        | 8 12 | 12.3
Unarmed Combat | 7 16 22 24 | 24.8
Invocations    | 6 |  6.3

Action                   |  1- 3 |  4- 6 |  7- 9 | 10-12 | 13-15 | 16-18 | 19-21 | 22-24 | 25-27 || total
-------------------------+-------+-------+-------+-------+-------+-------+-------+-------+-------++-------
Melee: Hand axe          |    58 |   138 |   236 |   124 |       |       |       |       |       ||   556
       Headbutt          |     7 |    24 |    50 |    66 |   178 |   233 |   255 |   323 |   369 ||  1505
       Punch             |       |     2 |     6 |     3 |       |       |       |       |       ||    11
       Battleaxe         |       |       |       |   220 |   595 |       |       |       |       ||   815
       Executioner's axe |       |       |       |       |   174 |  1014 |   898 |  1110 |  1210 ||  4406
       Unarmed           |       |       |       |       |       |       |       |       |     2 ||     2
Invok: Berserk           |       |     2 |     2 |     8 |     9 |     9 |    14 |     7 |     2 ||    53
       Divine Shield     |       |       |       |       |       |       |       |       |     1 ||     1
       Brand Weapon With |       |       |       |       |       |       |       |       |     1 ||     1
Evoke: Wand              |       |       |       |     1 |     4 |     3 |       |     2 |       ||    10
  Use: Scroll            |       |     3 |     4 |     9 |    11 |    11 |    15 |     5 |     8 ||    66
       Potion            |       |       |       |     1 |     1 |     5 |       |     2 |     2 ||    11
 Stab: Paralysed         |       |       |       |       |     2 |       |       |       |       ||     2
       Confused          |       |       |       |       |       |       |       |     3 |       ||     3
       Distracted        |       |       |       |       |       |       |       |       |     1 ||     1
Armor: Animal skin       |     7 |     9 |       |       |       |       |       |       |       ||    16
       Crystal plate arm |       |    82 |   157 |   268 |   501 |   870 |   388 |       |       ||  2266
       Gold dragon scale |       |       |       |       |       |       |   208 |   629 |   620 ||  1457
Dodge: Dodged            |    41 |    48 |    40 |    77 |   199 |   364 |   426 |   871 |   854 ||  2920
Block: Other             |       |    18 |    47 |    76 |   140 |   210 |   177 |   181 |   192 ||  1041
       Reflection        |       |       |     4 |    10 |     5 |     2 |    25 |    21 |     1 ||    68
